[Event "Late-Titled-Tuesday-Blitz-March-26-2024"]
[Site "Chess.com"]
[Date "2024.03.26"]
[Round "4"]
[White "Adar_07"]
[Black "artooon"]
[Result "0-1"]
[WhiteElo "2777"]
[BlackElo "3032"]
[TimeControl "180+1"]
[EndTime "14:40:14 PDT"]
[Termination "artooon won on time"]

1. e4 e5 2. Nf3 Nc6 3. Bb5 a6 4. Ba4 Nf6 5. O-O b5 6. Bb3 Bc5 7. c3 d6 8. d4 Bb6 9. a4 Bg4 10. Bg5 Rb8 11. axb5 axb5 12. dxe5 Nxe5 13. Nbd2 O-O 14.
Qe2 h6 15. Bh4 Ng6 16. Bg3 Nh5 17. Qd3 Ngf4 18. Qc2 Qf6 19. Rae1 Rbe8 20. Bh4 g5 21. Bg3 Re7 22. c4 b4 23. e5 Qf5 24. Qxf5 Bxf5 25. exd6 Rxe1 26. Rxe1 cxd6 27. Ne4 Nd3 28. Nxd6 Nxg3 29. hxg3 Bxf2+ 30. Kf1 Nxe1 31. Nxf5 Nxf3 32. gxf3 Bc5 33. Nxh6+ Kg7 34. Nf5+ Kf6 35. Bc2 Ra8 36.
g4 Ra2 37. Ng3 Rxb2 38. Ne4+ Ke5 39. Bd1 Be3 40. Ke1 b3 41. c5 Rb1 42. Nc3 Rc1 43. Na4 Bxc5 44. Ke2 Bb4 45. Bxb3 Kf4 46. Nb2 Kg3 47. Nd3 Rc3 0-1

[Event "Late-Titled-Tuesday-Blitz-March-26-2024"]
[Site "Chess.com"]
[Date "2024.03.26"]
[Round "4"]
[White "GMJustin"]
[Black "kagg1125"]
[Result "1-0"]
[WhiteElo "2377"]
[BlackElo "2510"]
[TimeControl "180+1"]
[EndTime "14:40:16 PDT"]
[Termination "GMJustin won by checkmate"]

1. d4 Nf6 2. c4 g6 3. Nc3 d5 4. Nf3 Bg7 5. e3 O-O 6. Qb3 e6 7. Bd2 b6 8. cxd5 Nxd5 9. Rc1 Bb7 10. Be2 Nd7 11. O-O c5 12. Rfd1 Qe7 13. Bb5 cxd4 14.
exd4 Nxc3 15. Bxc3 Bxf3 16. gxf3 Qg5+ 17. Kh1 Nf6 18. Bc6 Rac8 19. d5 exd5 20. Bxd5 Nxd5 21. Qxd5 Qh4 22. Bxg7 Kxg7 23. Qe5+ Kg8 24. Kg2 Rxc1 25. Rxc1 Qa4 26. a3 h5 27. Rc7 h4 28. Re7 Qb3 29. h3 a5 30. Re8 Rxe8 31. Qxe8+ Kh7 32. Qe7 Kg7 33. Qe5+ Kh6 34. Qh8+ Kg5 35. Qe5+ f5 36. f4+ Kh5 37. Qh8# 1-0

[Event "Late-Titled-Tuesday-Blitz-March-26-2024"]
[Site "Chess.com"]
[Date "2024.03.26"]
[Round "4"]
[White "dolynachess"]
[Black "AndresDelgado77"]
[Result "1-0"]
[WhiteElo "2515"]
[BlackElo "2331"]
[TimeControl "180+1"]
[EndTime "14:40:18 PDT"]
[Termination "dolynachess won by resignation"]

1. d4 Nf6 2. c4 e5 3. dxe5 Ng4 4. Bf4 Nc6 5. Nf3 Bb4+ 6. Nbd2 Qe7 7. a3 Ncxe5 8. Nxe5 Nxe5 9. Bxe5 Bxd2+ 10. Qxd2 Qxe5 11. e3 b6 12. Rd1 d6 13. Qd5 Qxd5 14. cxd5 Bb7 15.
Bb5+ Ke7 16. Rc1 Rac8 17. Bc6 Ba6 18. b4 Kd8 19. b5 Bxb5 20. Bxb5 a6 21. Bc6 Rb8 22.
Kd2 b5 23. Rc2 f5 24. Rhc1 Rf8 25. g3 Rf7 26. h4 g6 27. Rb1 Rb6 28. Rcb2 Re7 29. a4 bxa4 30. Rxb6 cxb6 31. Rxb6 Re4 32. Rxa6 Rb4 33. Rxa4 Rb2+ 34. Ke1 Ke7 35. Ra7+ Kf6 36.
Rxh7 Ke5 37. Re7+ Kf6 38. Re6+ Kg7 39. Rxd6 1-0

[Event "Late-Titled-Tuesday-Blitz-March-26-2024"]
[Site "Chess.com"]
[Date "2024.03.26"]
[Round "4"]
[White "Kosak12"]
[Black "cthulhuuu"]
[Result "1-0"]
[WhiteElo "2770"]
[BlackElo "2420"]
[TimeControl "180+1"]
[EndTime "14:40:20 PDT"]
[Termination "Kosak12 won on time"]

1. e4 d6 2. d4 Nf6 3. Nc3 c6 4. f4 Qb6 5. e5 Nd5 6. Nf3 Bg4 7.
Be2 Nxc3 8. bxc3 d5 9. O-O e6 10. Be3 Qa5 11. c4 Nd7 12. cxd5 cxd5 13. f5 Bxf5 14. Bd3 g6 15. Ng5 h6 16. Nxf7 Kxf7 17.
g4 Be7 18. gxf5 exf5 19. Qf3 Kg7 20. Kh1 Bg5 21. Rg1 Qd8 22. Rg2 Nf8 23. Rag1 Ne6 24.
h4 Bxe3 25. Rxg6+ Kh7 26. Rg7+ Nxg7 27. Qxf5+ Kg8 28. Qe6+ Kf8 29. Rf1+ 1-0

[Event "Late-Titled-Tuesday-Blitz-March-26-2024"]
[Site "Chess.com"]
[Date "2024.03.26"]
[Round "4"]
[White "rezamahdavi2008"]
[Black "Andreikka"]
[Result "1-0"]
[WhiteElo "2863"]
[BlackElo "2989"]
[TimeControl "180+1"]
[EndTime "14:40:21 PDT"]
[Termination "rezamahdavi2008 won on time"]

1. e4 c5 2. Nf3 e6 3. d4 cxd4 4. Nxd4 a6 5. c4 Qc7 6. Nc3 Nf6 7. Be2 d6 8. O-O Nbd7 9. f4 Be7 10. Be3 b6 11.
Bf3 Bb7 12. Rc1 O-O 13. Qe2 Rfe8 14. Rfe1 Rac8 15. b3 Nc5 16. Bf2 Bf8 17. Rcd1 g6 18.
e5 dxe5 19. fxe5 Bxf3 20. Nxf3 Ng4 21. b4 Nd7 22. Ne4 Bxb4 23. h3 Bxe1 24. Bxe1 Qxc4 25. Qxc4 Rxc4 26. Nd6 Ne3 27. Rd3 Re7 28. Rxe3 Rc1 29.
Kh2 h6 30. Bd2 Rc2 31. Rd3 Kg7 32. Be3 Nc5 33. Ra3 a5 34. Nd4 Rb2 35. Nc6 Rd7 36. Bxc5 bxc5 37. Rxa5 Rc2 38. Ne8+ Kf8 39. Nf6 1-0

[Event "Late-Titled-Tuesday-Blitz-March-26-2024"]
[Site "Chess.com"]
[Date "2024.03.26"]
[Round "4"]
[White "Zhigalko_Sergei"]
[Black "mitrabhaa"]
[Result "0-1"]
[WhiteElo "2891"]
[BlackElo "3070"]
[TimeControl "180+1"]
[EndTime "14:40:25 PDT"]
[Termination "mitrabhaa won on time"]

1. e4 c6 2. d4 d5 3. e5 Bf5 4. Nf3 e6 5. Be2 Ne7 6. O-O Ng6 7. Ne1 h5 8. Bd3 Ne7 9. Nd2 Nd7 10. Ndf3 c5 11.
Bg5 Bxd3 12. Nxd3 Qc7 13. c3 Nf5 14. h4 Nb8 15. dxc5 Bxc5 16. Qa4+ Nd7 17. c4 dxc4 18.
Nxc5 Qxc5 19. Rfd1 b5 20. Qa6 Nb6 21. b4 Qc6 22. a4 bxa4 23. b5 Qc7 24. Nd2 O-O 25.
Ne4 Qxe5 26. Re1 Qc7 27. Rad1 Rfc8 28. Nc3 Qc5 29. Nxa4 Nxa4 30. Qxa4 Rab8 31. Ra1 Rxb5 32. Rec1 Rb4 33. Qxa7 Qxa7 34. Rxa7 c3 35. g3 c2 36. Ra2 Nd4 37. Kg2 Rbc4 38. Be3 Nb3 0-1

[Event "Late-Titled-Tuesday-Blitz-March-26-2024"]
[Site "Chess.com"]
[Date "2024.03.26"]
[Round "4"]
[White "Aram7Adam"]
[Black "jinbojinbo"]
[Result "0-1"]
[WhiteElo "2441"]
[BlackElo "2644"]
[TimeControl "180+1"]
[EndTime "14:40:25 PDT"]
[Termination "jinbojinbo won by resignation"]

1. e4 c5 2. Nf3 Nc6 3. d4 cxd4 4. Nxd4 Nf6 5. Nc3 e6 6. Nxc6 bxc6 7. e5 Nd5 8. Ne4 Qc7 9. f4 Qb6 10. c3 Be7 11.
Qf3 f5 12. exf6 Nxf6 13. Nxf6+ Bxf6 14. Bd3 O-O 15. Qe3 d5 16. O-O c5 17. Kh1 Bd7 18.
Rb1 Rae8 19. Bd2 e5 20. fxe5 Rxe5 21. Qg3 Ree8 22. Bf4 c4 23. Bc2 Re2 24. Rbc1 Qxb2 25. Bd6 Rf7 26. Bb1 d4 27. cxd4 Bc6 28. d5 Bxd5 29.
Ba3 Bxg2+ 30. Qxg2 Rxg2 31. Bxb2 Rxb2 32. Rxc4 Bd8 33. Rxf7 Rxb1+ 34. Kg2 Kxf7 35. Ra4 Bb6 36. Rd4 Bxd4 0-1

[Event "Late-Titled-Tuesday-Blitz-March-26-2024"]
[Site "Chess.com"]
[Date "2024.03.26"]
[Round "4"]
[White "rikchessmx"]
[Black "GlavkonVVS"]
[Result "0-1"]
[WhiteElo "2302"]
[BlackElo "2651"]
[TimeControl "180+1"]
[EndTime "14:40:26 PDT"]
[Termination "GlavkonVVS won by resignation"]

1. e4 Nf6 2. Nc3 d5 3. exd5 Nxd5 4. Bc4 Nb6 5. Bb3 c5 6. d3 Nc6 7. h3 Bf5 8. Qf3 e6 9. Nge2 Be7 10. Be3 O-O 11. O-O a5 12. a4 Bg6 13. Nb5 Rc8 14.
Nf4 Qd7 15. Qg4 Bf5 16. Qf3 Nb4 17. g4 Bg6 18. Qg3 c4 19. dxc4 Nxc4 20. Bc1 Bxc2 21. Bxc2 Nxc2 22. b3 Nxa1 23. bxc4 Rxc4 24. Bb2 Rxa4 25.
Nc3 Rxf4 26. Qxf4 Nb3 27. Rd1 Qc6 28. Ne4 Nc5 29. Nxc5 Qxc5 30. Rc1 Qb4 31. Qxb4 Bxb4 32. Rc7 b6 33. Bd4 Bc5 34. Bxc5 bxc5 35. Rxc5 Ra8 36.
Rc1 a4 37. Ra1 a3 38. Ra2 f6 39. Kf1 Kf7 40. Ke2 Kg6 41. f4 Ra4 42. Ke3 h5 43.
Kf3 h4 44. Ke3 e5 45. fxe5 fxe5 46. Kf3 Kg5 47. Ke3 e4 48. Kd2 Kf4 49. Kc3 e3 50. Kb3 Ra8 51. Kc3 Kf3 52. Kd3 Rd8+ 53. Kc4 e2 54. Rxa3+ Kf2 55. Ra2 Kf1 0-1

[Event "Late-Titled-Tuesday-Blitz-March-26-2024"]
[Site "Chess.com"]
[Date "2024.03.26"]
[Round "4"]
[White "Nekoo04"]
[Black "bazar-wokzal"]
[Result "0-1"]
[WhiteElo "2379"]
[BlackElo "2569"]
[TimeControl "180+1"]
[EndTime "14:40:26 PDT"]
[Termination "bazar-wokzal won by resignation"]

1. d4 Nf6 2. c4 Nc6 3. Nf3 e6 4. d5 exd5 5. cxd5 Bb4+ 6. Nc3 Ne7 7. Bg5 Nexd5 8. Qb3 Bxc3+ 9. bxc3 h6 10. e4 hxg5 11. exd5 Qe7+ 12. Be2 O-O 13. c4 Re8 14. Qd3 Qb4+ 15.
Nd2 d6 16. O-O Bf5 17. Qxf5 Qxd2 18. Bf3 Re5 19. Qb1 b6 20. h3 Rae8 21. Rd1 Qf4 22.
a4 g4 23. hxg4 Nxg4 24. Bxg4 Qxg4 25. a5 Rg5 26. g3 Qh3 27. Qd3 Rh5 28. Qf3 Rf5 29.
Qg2 Qxg2+ 30. Kxg2 Re2 31. Rf1 Rc2 32. axb6 axb6 33. Ra4 Re5 34. Rh1 g6 35. Ra8+ Kg7 36.
Rhh8 Rxc4 37. Rag8+ Kf6 38. Rh7 Rf5 39. Rd8 Rc2 40. Rd7 Rcxf2+ 41. Kh3 Rh5+ 42. Kg4 Rxh7 0-1

[Event "Late-Titled-Tuesday-Blitz-March-26-2024"]
[Site "Chess.com"]
[Date "2024.03.26"]
[Round "4"]
[White "anasta10"]
[Black "KorolDimitriy75"]
[Result "0-1"]
[WhiteElo "2558"]
[BlackElo "2412"]
[TimeControl "180+1"]
[EndTime "14:40:29 PDT"]
[Termination "KorolDimitriy75 won by resignation"]

1. Nf3 c5 2. g3 g6 3. Bg2 Bg7 4. O-O Nc6 5. c4 Nh6 6. Nc3 Nf5 7. e3 h5 8. h4 a6 9. Rb1 Rb8 10. d4 cxd4 11. exd4 Ncxd4 12. Bf4 d6 13. Re1 O-O 14.
Nd5 Re8 15. Nxd4 Bxd4 16. Bg5 Be6 17. Be4 Bxd5 18. cxd5 Qb6 19. Bxf5 Bxf2+ 20. Kg2 Bxe1 21. Qxe1 gxf5 22. Qe2 Qd4 23. Re1 Qe4+ 24. Qxe4 fxe4 25. Rxe4 f6 26. Bd2 Kf7 27. Bc3 Rbc8 28. Kf3 Rc5 29. Rd4 Rec8 30. Rd3 b5 31. a3 Rc4 32. Re3 Ra8 33. Rd3 a5 34. Bd2 b4 35.
axb4 axb4 36. Rb3 Ra5 37. Rd3 Rb5 38. Be1 Rc2 39. b3 Rcc5 40. Ke4 Kg6 41. g4 hxg4 42.
Kf4 Rxd5 43. Re3 Re5 44. Bd2 Rxe3 45. Bxe3 f5 0-1

[Event "Late-Titled-Tuesday-Blitz-March-26-2024"]
[Site "Chess.com"]
[Date "2024.03.26"]
[Round "4"]
[White "Arigu07"]
[Black "aceontheturn"]
[Result "1-0"]
[WhiteElo "2559"]
[BlackElo "2725"]
[TimeControl "180+1"]
[EndTime "14:40:31 PDT"]
[Termination "Arigu07 won by resignation"]

1. b3 a5 2. a4 e5 3. Bb2 Nc6 4. e3 d5 5. Bb5 Ne7 6. Bxe5 Ng6 7. Bb2 Qg5 8. Nf3 Qxg2 9. Rg1 Qh3 10. Rg3 Qh5 11.
Rg5 Qh3 12. Rg3 Qh6 13. Nc3 Bd6 14. Rg1 Be6 15. Qe2 Qh5 16. Nd4 Qxe2+ 17. Ncxe2 Bd7 18. f4 O-O 19. O-O-O Nxd4 20. Nxd4 c6 21. Be2 Rfe8 22. Bg4 Bxg4 23. Rxg4 Bf8 24. Rdg1 f6 25. Nf5 Kf7 26.
h4 Ke6 27. Nxg7+ Bxg7 28. h5 f5 29. Rxg6+ hxg6 30. Rxg6+ Kd7 31. Rxg7+ Re7 32. Rg5 Ke6 33. Rg6+ Kd7 34. Bg7 Ke8 35. Bf6 Kf7 36. Bxe7 Kxe7 37. Rg7+ Kf6 38. Rxb7 Rh8 39. Rc7 Rxh5 40. Rxc6+ Ke7 41.
Rc5 Kd6 42. Rxa5 d4 43. exd4 Ke6 44. Re5+ Kf6 45. a5 Rh4 46. a6 Rh7 47. Ra5 1-0

[Event "Late-Titled-Tuesday-Blitz-March-26-2024"]
[Site "Chess.com"]
[Date "2024.03.26"]
[Round "4"]
[White "Savagelittlemole"]
[Black "Nechitaylo_Nikita"]
[Result "1-0"]
[WhiteElo "2524"]
[BlackElo "2357"]
[TimeControl "180+1"]
[EndTime "14:40:31 PDT"]
[Termination "Savagelittlemole won by resignation"]

1. e4 c5 2. Ne2 d6 3. g3 g6 4.
Bg2 Bg7 5. c3 Nc6 6. d4 cxd4 7.
cxd4 Nf6 8. O-O O-O 9. Nbc3 Bd7 10. h3 a6 11. Be3 b5 12. Rc1 e6 13. f4 b4 14. Na4 Qa5 15. b3 Ne7 16. Nb2 Bb5 17.
Rf2 d5 18. e5 Ne4 19. Bxe4 dxe4 20. Nc4 Bxc4 21. Rxc4 Qxa2 22. Nc3 Qa3 23. Ra2 Nd5 24. Rxa3 Nxe3 25. Qe2 Nxc4 26. Ra4 bxc3 27. Rxc4 Rfc8 28.
Qxe4 Rab8 29. Qc2 Rxc4 30. bxc4 Bf8 31. Qxc3 Bb4 32. Qb3 a5 33. c5 Rc8 34. Qa4 Rd8 35.
c6 Rxd4 36. c7 Rc4 37. Qe8+ Kg7 38. c8=Q Bc5+ 39. Kg2 Rc2+ 40. Kf1 Rc1+ 41. Ke2 Rc2+ 42. Kd3 1-0

[Event "Late-Titled-Tuesday-Blitz-March-26-2024"]
[Site "Chess.com"]
[Date "2024.03.26"]
[Round "4"]
[White "temus_galaktionov"]
[Black "SharathRk6"]
[Result "1-0"]
[WhiteElo "2856"]
[BlackElo "2422"]
[TimeControl "180+1"]
[EndTime "14:40:32 PDT"]
[Termination "temus_galaktionov won by resignation"]

1. d4 Nf6 2. c4 e6 3. Nf3 d5 4.
Nc3 Bb4 5. cxd5 exd5 6. Bg5 O-O 7. e3 c6 8. Bd3 h6 9. Bxf6 Qxf6 10. O-O Bg4 11.
h3 Bxf3 12. Qxf3 Qxf3 13. gxf3 Nd7 14. f4 Rfe8 15. Kg2 Nf6 16. Kf3 Kf8 17. Rg1 g6 18. h4 Bxc3 19. bxc3 Ne4 20. Bxe4 dxe4+ 21. Ke2 Kg7 22. f5 Kf6 23. fxg6 fxg6 24. Rg4 g5 25. hxg5+ hxg5 26. Rag1 Rad8 27. Rxg5 Rd5 28. Rg6+ Ke7 29. Rg7+ Kd6 30. Rxb7 Ra5 31. Rb2 c5 32. Rg6+ Kd5 33.
Rg5+ Kc4 34. dxc5 Rc8 35. Re5 Kxc3 36. Rd2 Rcxc5 37. Rxe4 Rf5 38. Red4 a6 39. f4 Rab5 40. Kf3 Rb1 41. R4d3+ Kc4 42. Rd6 a5 43. Ke4 Rf8 44.
Rc2+ Kb5 45. Rd5+ Kb6 46. f5 Re8+ 47. Kf3 Rb4 48. Rd6+ Kb5 49. Re6 Rf8 50. e4 Rb1 51. Kf4 Rf1+ 52. Ke5 a4 53. f6 Kb4 54. Rb6+ Ka3 55. Rd2 Ra1 56. Rbd6 Rf1 57. Re6 Rf3 58. Ra6 Re8+ 59. Kd5 Rd8+ 60. Rd6 Rxd6+ 61. Kxd6 Rxf6+ 62. Ke7 Rf3 63. e5 Kb4 64. e6 Kc5 65. Kd7 1-0

[Event "Late-Titled-Tuesday-Blitz-March-26-2024"]
[Site "Chess.com"]
[Date "2024.03.26"]
[Round "4"]
[White "Durarbayli"]
[Black "Andrei_Skvortsov"]
[Result "1-0"]
[WhiteElo "2939"]
[BlackElo "2710"]
[TimeControl "180+1"]
[EndTime "14:40:33 PDT"]
[Termination "Durarbayli won by resignation"]

1. e4 d5 2. exd5 Qxd5 3. Nc3 Qe5+ 4. Be2 Bg4 5. d4 Bxe2 6. Ngxe2 Qa5 7. b4 Qxb4 8. Rb1 Qc4 9. Rxb7 Nf6 10. Bf4 Na6 11. Qb1 e6 12. Qb5+ Qxb5 13. Nxb5 Kd7 14. Nxc7 Kc6 15. Rb3 Nxc7 16. Rc3+ Kb6 17. Rxc7 Bb4+ 18.
c3 Nd5 19. Rxf7 Nxc3 20. Nxc3 Bxc3+ 21. Ke2 Bxd4 22. Rb1+ Ka6 23. Rd7 Rhd8 24. Rbb7 Bf6 25. Be3 Rxd7 26. Rxd7 e5 27. Kf3 h5 28. Ke4 h4 29. h3 Rc8 30. Rxa7+ Kb5 31. a4+ Kb4 32.
a5 Rc6 33. Kd5 Rc2 34. a6 Kb5 35. Ra8 1-0

[Event "Late-Titled-Tuesday-Blitz-March-26-2024"]
[Site "Chess.com"]
[Date "2024.03.26"]
[Round "4"]
[White "Mikhail_Golubev"]
[Black "emeli_chess"]
[Result "0-1"]
[WhiteElo "2650"]
[BlackElo "2426"]
[TimeControl "180+1"]
[EndTime "14:40:34 PDT"]
[Termination "emeli_chess won on time"]

1. e4 e5 2. Nf3 Nc6 3. Bc4 Nf6 4. d3 Be7 5. Nc3 d6 6. h3 O-O 7. a4 a5 8. O-O Be6 9. Be3 d5 10. exd5 Nxd5 11. Bb5 Nxe3 12. fxe3 f6 13. Bxc6 bxc6 14.
e4 c5 15. b3 Rb8 16. Qe2 c6 17. Kh1 Qd7 18. Nd1 c4 19. dxc4 Bc5 20. Ne3 Bxh3 21. Rad1 Qe6 22. gxh3 Qxh3+ 23. Kg1 Qg3+ 24. Kh1 Qh3+ 25.
Nh2 Qxe3 26. Qg4 Rbd8 27. Qe6+ Kh8 28. Qxc6 Bd4 29. Rd3 Qh6 30. Qe6 Be3 31. Rfd1 Bf4 0-1

[Event "Late-Titled-Tuesday-Blitz-March-26-2024"]
[Site "Chess.com"]
[Date "2024.03.26"]
[Round "4"]
[White "eightbyeightchess"]
[Black "CMmauricio"]
[Result "0-1"]
[WhiteElo "2420"]
[BlackElo "2762"]
[TimeControl "180+1"]
[EndTime "14:40:35 PDT"]
[Termination "CMmauricio won on time"]

1. e4 e6 2. d4 d5 3. e5 c5 4. c3 Nc6 5. Nf3 Qb6 6. Bd3 Bd7 7. O-O cxd4 8. Re1 a6 9. a3 Rc8 10. Nbd2 dxc3 11. bxc3 Na5 12. Rb1 Qc7 13. c4 dxc4 14. Bc2 Ne7 15. Ne4 Nd5 16. Nfg5 h6 17. Qh5 g6 18. Nd6+ Bxd6 19. Bxg6 Bxe5 20. Nxf7 Bxh2+ 21. Kh1 Ke7 22. Nxh8 Rxh8 23. Bg5+ Nf6 24. Bxf6+ Kxf6 25. Bc2 Ke7 26. Qxh2 Qxh2+ 27. Kxh2 b5 28. Be4 Rc8 29. Re3 Nb3 0-1

[Event "Late-Titled-Tuesday-Blitz-March-26-2024"]
[Site "Chess.com"]
[Date "2024.03.26"]
[Round "4"]
[White "Andrey_Klymchuk"]
[Black "KingCrusher275"]
[Result "1-0"]
[WhiteElo "2692"]
[BlackElo "2481"]
[TimeControl "180+1"]
[EndTime "14:40:37 PDT"]
[Termination "Andrey_Klymchuk won on time"]

1. e4 e5 2. d4 exd4 3. Qxd4 Nc6 4. Qe3 Nf6 5. Nc3 Bb4 6. Bd2 O-O 7. O-O-O d6 8. Bc4 Re8 9. Nf3 Bxc3 10. Bxc3 Nxe4 11. Qf4 Nxc3 12. Bxf7+ Kh8 13. bxc3 Rf8 14. Rhe1 Bd7 15. Rd5 Be8 16. Ng5 Qd7 17. Qe4 g6 18. Be6 Qg7 19. Qe3 Ne5 20. f4 Nc4 21. Qd4 Nb6 22. Qxg7+ Kxg7 23. Rd4 Bc6 24. g3 Rae8 25. Rdd1 h6 26.
Nh3 Bf3 27. Rd3 Bg2 28. Nf2 Re7 29. Rde3 Rfe8 30. Kd2 Nd5 31. Bxd5 Rxe3 32. Rxe3 Rxe3 33. Bxg2 Re8 34. Bxb7 Rb8 35. Bd5 Rb5 36. Bb3 a5 37.
a4 1-0

[Event "Late-Titled-Tuesday-Blitz-March-26-2024"]
[Site "Chess.com"]
[Date "2024.03.26"]
[Round "4"]
[White "Anton_Demchenko"]
[Black "ilya2700"]
[Result "1-0"]
[WhiteElo "2948"]
[BlackElo "2343"]
[TimeControl "180+1"]
[EndTime "14:40:38 PDT"]
[Termination "Anton_Demchenko won on time"]

1. e4 c5 2. Nf3 e6 3. d4 cxd4 4. Nxd4 Nf6 5. Nc3 Nc6 6. a3 d5 7. Bb5 Bd7 8. exd5 exd5 9. O-O Be7 10. Re1 O-O 11. Be3 Re8 12. h3 Qc7 13. Bf1 a6 14. Qd2 Ne4 15. Nxd5 Qe5 16. Nxc6 Bxc6 17. Nxe7+ Qxe7 18. Qb4 Qf6 19. f3 Ng5 20. Qf4 Qxf4 21. Bxf4 Ne6 22. Be3 Rad8 23. Rad1 Rxd1 24. Rxd1 Rd8 25.
Rxd8+ Nxd8 26. Kf2 Ne6 27. c4 Kf8 28. b4 Ke7 29. Bd3 g6 30. Ke2 f5 31. Kd2 Kd6 32.
Kc3 Ba4 33. f4 Bc6 34. g3 Bg2 35. h4 Bf3 36. a4 Bg2 37. a5 Bf3 38. Bf1 Bh1 39.
b5 axb5 40. cxb5 Nc5 41. Kb4 Ne4 42. Bc4 Nxg3 43. Bc5+ Kc7 44. Bd4 Ne4 45. Be5+ Kc8 46. Be6+ Kd8 47. Bd5 Kc8 48. a6 bxa6 49. bxa6 Ng3 50. Be6+ Kd8 51. a7 Ne2 52. Kc5 Ba8 53. Bd5 1-0

[Event "Late-Titled-Tuesday-Blitz-March-26-2024"]
[Site "Chess.com"]
[Date "2024.03.26"]
[Round "4"]
[White "Dontmesswithme_2"]
[Black "SahibSinghKnight"]
[Result "1-0"]
[WhiteElo "2422"]
[BlackElo "2574"]
[TimeControl "180+1"]
[EndTime "14:40:38 PDT"]
[Termination "Dontmesswithme_2 won on time"]

1. e4 e6 2. d4 d5 3. Nc3 Nf6 4.
e5 Nfd7 5. f4 c5 6. Nf3 Nc6 7.
Be3 Be7 8. Qd2 O-O 9. dxc5 Bxc5 10. O-O-O Qa5 11. Kb1 a6 12. Nd4 Nxd4 13. Bxd4 Bxd4 14.
Qxd4 f6 15. exf6 Rxf6 16. g4 Qc7 17. f5 Nb6 18. a4 a5 19. Bg2 Kh8 20. Rhe1 Bd7 21.
fxe6 Bxe6 22. g5 Rf4 23. Qe3 d4 24. Nb5 dxe3 25. Nxc7 Bg8 26. Nxa8 Nxa8 27. Rxe3 Rxa4 28. Re8 Nc7 29. Rc8 1-0

[Event "Late-Titled-Tuesday-Blitz-March-26-2024"]
[Site "Chess.com"]
[Date "2024.03.26"]
[Round "4"]
[White "financieru"]
[Black "only_strong_moves"]
[Result "0-1"]
[WhiteElo "2417"]
[BlackElo "2680"]
[TimeControl "180+1"]
[EndTime "14:40:38 PDT"]
[Termination "only_strong_moves won by resignation"]

1. d4 Nf6 2. c4 e6 3. Nc3 d5 4. Bg5 Be7 5. cxd5 exd5 6. Qc2 c6 7. e3 a5 8. Bd3 Na6 9. a3 Nc7 10. Nf3 Ne6 11. Bh4 h6 12. O-O O-O 13. Rab1 b5 14.
Ne5 Bb7 15. Bf5 Nd7 16. Bxe7 Qxe7 17. Nxd7 Qxd7 18. Ne2 Qd6 19. Bxe6 Qxe6 20. Nf4 Qd6 21. Nd3 Bc8 22. Rbc1 Bf5 23. Rfd1 Rfc8 24. Qc5 Qe6 25. Ne5 Ra6 26. Qc3 f6 27. Nf3 Bg4 28. Qd2 Bxf3 29.
gxf3 Qh3 30. Qe2 Re8 31. Kh1 f5 32. Rg1 f4 33. e4 Qe6 34. e5 Ra7 35. Rg4 Rf7 36.
Rcg1 b4 37. axb4 axb4 38. Qd2 Qf5 39. Qxb4 Qd3 40. Qc3 Qe2 41. Re1 Qxf2 42. Rg2 Qh4 43. Reg1 Re6 44. b4 Qh5 45. Rg4 Qf5 46. Qd2 Kh7 47.
Qg2 g5 48. Qd2 Ra7 49. Rb1 Qxb1+ 0-1

[Event "Late-Titled-Tuesday-Blitz-March-26-2024"]
[Site "Chess.com"]
[Date "2024.03.26"]
[Round "4"]
[White "stasOR4ik"]
[Black "enriquebutti"]
[Result "1-0"]
[WhiteElo "2439"]
[BlackElo "2193"]
[TimeControl "180+1"]
[EndTime "14:40:38 PDT"]
[Termination "stasOR4ik won by resignation"]

1. e4 c5 2. c3 Nf6 3. e5 Nd5 4. d4 d6 5. Bb5+ Bd7 6. Bc4 Nb6 7. Bb3 cxd4 8. cxd4 e6 9. Nf3 Bc6 10. O-O N8d7 11.
Nc3 Bxf3 12. Qxf3 dxe5 13. dxe5 Nxe5 14. Qxb7 Be7 15. Bf4 Ned7 16. Rad1 Qc8 17. Qf3 O-O 18. Ne4 Nf6 19. Ng5 h6 20. Nxe6 fxe6 21. Rfe1 Nbd5 22. Be5 Kh8 23. Qh3 Qb7 24. Qxe6 Nb4 25. Bc3 Rae8 26. a3 Nc6 27. Bc2 Bc5 28. Qf5 Ne4 29. Rxe4 Rxf5 30.
Rxe8+ Rf8 31. Rxf8+ Bxf8 32. h3 Qf7 33. b4 Be7 34. Rd7 Qe6 35. Rc7 Bf6 36. Bxf6 Qxf6 37.
Rc8+ 1-0

[Event "Late-Titled-Tuesday-Blitz-March-26-2024"]
[Site "Chess.com"]
[Date "2024.03.26"]
[Round "4"]
[White "sergiochess83"]
[Black "varunkrishnanchess"]
[Result "1-0"]
[WhiteElo "2986"]
[BlackElo "2625"]
[TimeControl "180+1"]
[EndTime "14:40:40 PDT"]
[Termination "sergiochess83 won by resignation"]

1. d4 Nf6 2. c4 e6 3. g3 Bb4+ 4.
Nd2 d5 5. Bg2 O-O 6. Qc2 b6 7.
Nf3 Bb7 8. O-O Be7 9. cxd5 exd5 10.
b3 c5 11. Bb2 Nc6 12. dxc5 Bxc5 13. Rad1 Qe7 14. Qf5 Ne4 15. Nxe4 dxe4 16. Ng5 g6 17. Qf6 Qxf6 18. Bxf6 e3 19. f4 h6 20. Ne4 Rab8 21.
Bb2 Be7 22. Rd7 f5 23. Nd6 Bxd6 24. Bd5+ Rf7 25. Rxf7 Nb4 26. Rxb7+ Nxd5 27. Rd7 Rc8 28. Rxd6 Rc2 29. Rxd5 Rxb2 30. Rd7 Rxe2 31. Rc1 1-0

[Event "Late-Titled-Tuesday-Blitz-March-26-2024"]
[Site "Chess.com"]
[Date "2024.03.26"]
[Round "4"]
[White "Korchmar_Vasiliy"]
[Black "Practical-Play"]
[Result "1-0"]
[WhiteElo "2702"]
[BlackElo "2473"]
[TimeControl "180+1"]
[EndTime "14:40:40 PDT"]
[Termination "Korchmar_Vasiliy won by resignation"]

1. e4 e5 2. Nf3 Nc6 3. Bb5 a6 4. Ba4 g6 5. c4 Bg7 6. Nc3 Nge7 7. O-O d6 8. d3 h6 9. Be3 f5 10. exf5 Nxf5 11. d4 O-O 12. Bxc6 bxc6 13. dxe5 Nxe3 14. fxe3 Qe7 15. exd6 Qxe3+ 16. Kh1 Rd8 17. Re1 Qc5 18. Ne4 Qxc4 19. Rc1 Qxa2 20. Nd4 Qd5 21. Nxc6 Qxd1 22. Rcxd1 Rd7 23. Ne7+ Kh7 24. Nd5 Rb8 25. dxc7 Rxb2 26. Ndf6+ Bxf6 27. Nxf6+ Kg7 28. Nxd7 Rc2 29. Rc1 Rxc1 30.
Rxc1 Bxd7 31. c8=Q Bxc8 32. Rxc8 1-0

[Event "Late-Titled-Tuesday-Blitz-March-26-2024"]
[Site "Chess.com"]
[Date "2024.03.26"]
[Round "4"]
[White "Jimonios"]
[Black "Alexander_Donchenko"]
[Result "1/2-1/2"]
[WhiteElo "2617"]
[BlackElo "2868"]
[TimeControl "180+1"]
[EndTime "14:40:43 PDT"]
[Termination "Game drawn - insufficient material"]

1. e4 e6 2. d4 d5 3. Nc3 Nf6 4. Bg5 dxe4 5. Nxe4 Nbd7 6. g3 Be7 7. Nxf6+ Bxf6 8.
Bxf6 Nxf6 9. Bg2 O-O 10. Nf3 c5 11. O-O Qb6 12. b3 Bd7 13. dxc5 Qxc5 14. Qd4 Rfc8 15. c4 Rab8 16. Rfd1 b5 17. Ne5 Be8 18.
Qxc5 Rxc5 19. Nd3 Rc7 20. c5 b4 21. Rac1 a5 22. Nb2 Rbc8 23. c6 Nd5 24. Bxd5 exd5 25. Rxd5 Rxc6 26. Rxc6 Bxc6 27. Rc5 Bb7 28. Rxc8+ Bxc8 29. Nc4 Bf5 30. Nxa5 Bb1 31. f4 Bxa2 32. Kf2 Kf8 33.
Ke3 Ke7 34. Kd4 Ke6 35. Kc4 Kf5 36. Kxb4 Kg4 37. Kc5 Bxb3 38. Nxb3 Kh3 39. Nd4 Kxh2 40.
g4 Kg3 41. f5 Kxg4 42. Kd5 h5 43. Ke4 h4 44. Ke3 Kg3 45. Ne2+ Kg2 46. Nf4+ Kg3 47. Nh5+ Kg2 48. Nf4+ Kg3 49. Nh5+ Kg4 50. Nxg7 Kg5 51. Kf3 Kf6 52. Nh5+ Kxf5 53. Nf4 Kg5 54. Nh3+ Kf5 55. Nf2 Kg5 56. Nh3+ Kh5 57. Nf2 f6 58. Nh3 f5 59. Nf2 Kg5 60. Nh3+ Kf6 61. Nf2 Ke5 62. Nh3 Kd4 63. Nf2 Kc3 64. Nh3 Kd2 65. Kf4 Ke2 66.
Kxf5 Kf3 67. Kg5 Kg3 68. Nf4 h3 69. Nxh3 1/2-1/2

[Event "Late-Titled-Tuesday-Blitz-March-26-2024"]
[Site "Chess.com"]
[Date "2024.03.26"]
[Round "4"]
[White "ViIIagra"]
[Black "Oleksandr_Bortnyk"]
[Result "0-1"]
[WhiteElo "2878"]
[BlackElo "3056"]
[TimeControl "180+1"]
[EndTime "14:40:46 PDT"]
[Termination "Oleksandr_Bortnyk won on time"]

1. e4 Nf6 2. d3 d5 3. e5 Nfd7 4. f4 c5 5. Nf3 Nc6 6. g3 e6 7. c3 f6 8. exf6 Qxf6 9. Bg2 Bd6 10. O-O O-O 11. c4 Nb6 12. Nc3 Bd7 13. Kh1 Rae8 14. Bd2 Nd4 15. Ne5 Bxe5 16. fxe5 Qg6 17.
cxd5 exd5 18. Nxd5 Nxd5 19. Bxd5+ Kh8 20. Bf4 Bc6 21. Bg2 Bxg2+ 22. Kxg2 Qc6+ 23. Kh3 Rf5 24. Qg4 Ref8 25. Rae1 g5 26. e6 gxf4 27. e7 Qh6+ 28.
Kg2 f3+ 29. Rxf3 Rxf3 30. exf8=Q+ Rxf8 31. Qd7 Qd2+ 0-1